[Event "Early-Titled-Tuesday-Blitz-April-23-2024"]
[Site "Chess.com"]
[Date "2024.04.23"]
[Round "4"]
[White "colegiodemadrid"]
[Black "ProtectiveCarrot"]
[Result "1-0"]
[WhiteElo "2532"]
[BlackElo "2318"]
[TimeControl "180+1"]
[EndTime "8:38:52 PDT"]
[Termination "colegiodemadrid won on time"]

1. Nf3 b6 2. e4 Bb7 3. Nc3 c5 4.
d4 cxd4 5. Nxd4 Nc6 6. Bc4 e6 7.
O-O Qc7 8. Ndb5 Qb8 9. Bb3 a6 10. Nd4 Bd6 11. h3 Nf6 12. Re1 Bh2+ 13. Kh1 h5 14. Nd5 exd5 15. exd5+ Ne7 16. Nf5 Bd6 17. Qe2 O-O 18. Bg5 Nxf5 19. Bxf6 gxf6 20. Qxh5 Ng7 21. Qh6 Bf4 22. Qh4 Bg5 23. Qb4 Qc7 24. Re4 Rfe8 25. Rg4 a5 26. Qd4 a4 27. Bc4 Re5 28. h4 Bh6 29. f4 Ree8 30. Qxf6 Qxc4 31. Qxh6 Qd4 32. h5 Bxd5 33. Qg5 Kf8 34. h6 Ne6 35. Qh4 Qh8 36.
h7 Ng7 37. Qh6 Be4 38. Rxg7 Qxg7 39. h8=Q+ 1-0

[Event "Early-Titled-Tuesday-Blitz-April-23-2024"]
[Site "Chess.com"]
[Date "2024.04.23"]
[Round "4"]
[White "SashaKuzhilniy"]
[Black "shimastream"]
[Result "0-1"]
[WhiteElo "2645"]
[BlackElo "3044"]
[TimeControl "180+1"]
[EndTime "8:38:53 PDT"]
[Termination "shimastream won by resignation"]

1. d4 b6 2. e4 Bb7 3. Bd3 e6 4. Nf3 c5 5. d5 exd5 6. exd5 Bxd5 7. Nc3 Be6 8. O-O Nc6 9. Re1 Nf6 10. Bf4 Be7 11. Nb5 O-O 12. Ng5 a6 13. Nc7 Ra7 14. Ncxe6 dxe6 15. Qf3 Nb4 16. Rad1 Rd7 17. Bf1 Nxc2 18.
Bxa6 Nxe1 19. Rxe1 Qa8 20. Qe2 Rfd8 21. Bb5 Rd4 22.
Be5 Rd2 23. Qe3 Rd1 24. a4 Qd5 25. h3 Rxe1+ 26. Qxe1 Qd1 27. Kf1 Qb3 28. Be2 Nd7 29. Bc3 Bxg5 0-1

[Event "Early-Titled-Tuesday-Blitz-April-23-2024"]
[Site "Chess.com"]
[Date "2024.04.23"]
[Round "4"]
[White "ChadBiryani"]
[Black "ValentinDragnev"]
[Result "0-1"]
[WhiteElo "2441"]
[BlackElo "2733"]
[TimeControl "180+1"]
[EndTime "8:38:54 PDT"]
[Termination "ValentinDragnev won by resignation"]

1. c4 Nc6 2. d4 d5 3. cxd5 Qxd5 4. e3 e5 5. Nc3 Bb4 6. Nf3 exd4 7. exd4 Bg4 8. Be2 Bxf3 9. Bxf3 Qc4 10. Be3 Bxc3+ 11.
bxc3 Qxc3+ 12. Kf1 Nge7 13. Rc1 Qa5 14. Rc5 Qxa2 15. h4 O-O 16. h5 h6 17. Qd3 Rad8 18. Qe4 Qb2 19. Rh4 Rd6 20. Kg1 Rfd8 21. Kh2 Nd5 22. Bc1 Qxf2 23. Qg4 Nf6 24. Qh3 Rxd4 25. Bf4 Rxf4 26. Rxf4 Qxc5 0-1

[Event "Early-Titled-Tuesday-Blitz-April-23-2024"]
[Site "Chess.com"]
[Date "2024.04.23"]
[Round "4"]
[White "Alenzer"]
[Black "patzer-reloaded"]
[Result "0-1"]
[WhiteElo "2217"]
[BlackElo "2432"]
[TimeControl "180+1"]
[EndTime "8:38:54 PDT"]
[Termination "patzer-reloaded won by resignation"]

1. e4 d6 2. d4 Nf6 3. Nc3 g6 4. Bg5 Nbd7 5. Bc4 c6 6. Nf3 b5 7.
Bd3 Qc7 8. Qd2 a6 9. h4 h6 10. Be3 Ng4 11. O-O-O Nxe3 12. fxe3 Bg7 13. h5 g5 14. g4 Nb6 15. Kb1 Bxg4 16. Rdf1 c5 17. Be2 Bxf3 18. Bxf3 Nc4 19. Qf2 e6 20. e5 d5 21.
dxc5 Rc8 22. Nxd5 exd5 23. Bxd5 O-O 24. e6 fxe6 25. Bxe6+ Kh8 26. Qe2 Qe5 27. Rxf8+ Rxf8 0-1

[Event "Early-Titled-Tuesday-Blitz-April-23-2024"]
[Site "Chess.com"]
[Date "2024.04.23"]
[Round "4"]
[White "JonasEilenberg"]
[Black "Sam_ChessMood"]
[Result "0-1"]
[WhiteElo "2764"]
[BlackElo "2966"]
[TimeControl "180+1"]
[EndTime "8:38:56 PDT"]
[Termination "Sam_ChessMood won by resignation"]

1. d4 Nf6 2. c4 e6 3. Nc3 d5 4.
Bg5 Bb4 5. e3 h6 6. Bh4 O-O 7.
cxd5 exd5 8. Bd3 c5 9. Ne2 Nc6 10. a3 cxd4 11. axb4 dxc3 12. bxc3 Ne5 13. O-O Qb6 14.
Nd4 Bd7 15. Bf5 Rac8 16. f4 Nc4 17. Qd3 Bxf5 18. Nxf5 Rfe8 19. Rf3 Ne4 20. Qxd5 Ncd2 21. Rh3 Rxc3 22. Rd1 Qe6 23. Qb5 a6 24. Qa4 b5 0-1

[Event "Early-Titled-Tuesday-Blitz-April-23-2024"]
[Site "Chess.com"]
[Date "2024.04.23"]
[Round "4"]
[White "Casablanca"]
[Black "AryanTari"]
[Result "0-1"]
[WhiteElo "2630"]
[BlackElo "2943"]
[TimeControl "180+1"]
[EndTime "8:38:57 PDT"]
[Termination "AryanTari won by resignation"]

1. d4 Nf6 2. Bg5 Nc6 3. Nf3 d5 4. e3 Bf5 5. c4 Ne4 6. Bf4 e6 7. Nc3 Bb4 8. Rc1 O-O 9. Bd3 dxc4 10. Bxc4 Nxc3 11. bxc3 Ba3 12. O-O Bxc1 13. Qxc1 Na5 14. Be2 b6 15. Qa3 Be4 16. Nd2 Bb7 17. Rd1 c5 18.
dxc5 Qd5 19. Bf3 Qxc5 20. Qxc5 bxc5 21. Bxb7 Nxb7 22. Nc4 Rfd8 23. Rb1 f6 24. g4 Rd7 25.
e4 e5 26. Be3 Rc8 27. Kg2 Nd6 28. Nd2 Rb7 29. Rd1 Nb5 30. Nb1 Rc6 31. a4 Nd6 32.
Nd2 c4 33. Kf3 Kf7 34. h4 Ke6 35. h5 Ra6 36. Ra1 Rb2 37. Ra3 Nb5 38. Ra1 Nxc3 39.
Nxc4 Rb4 0-1

[Event "Early-Titled-Tuesday-Blitz-April-23-2024"]
[Site "Chess.com"]
[Date "2024.04.23"]
[Round "4"]
[White "NikitaShnadrygin"]
[Black "Artemiki"]
[Result "1-0"]
[WhiteElo "2687"]
[BlackElo "2461"]
[TimeControl "180+1"]
[EndTime "8:38:59 PDT"]
[Termination "NikitaShnadrygin won by resignation"]

1. e4 c5 2. Nf3 e6 3. d4 cxd4 4.
Nxd4 Nc6 5. Nc3 Qc7 6. Be2 a6 7. O-O Nf6 8. Be3 Be7 9. f4 d6 10. Kh1 O-O 11. Qe1 Nxd4 12. Bxd4 b5 13. a3 Bb7 14.
Qg3 Rfe8 15. Rad1 Bd8 16. e5 dxe5 17. Bxe5 Qb6 18. Rd6 Qc5 19. Rxd8 Raxd8 20. Bxf6 g6 21. Bxd8 Rxd8 22. Bf3 Bxf3 23. Qxf3 Qc4 24. Rd1 Rxd1+ 25.
Qxd1 b4 26. axb4 Qxb4 27. Qc1 a5 28. Kg1 Qd4+ 29. Kf1 a4 30. Ne2 Qb4 31. Qa1 g5 32.
Qa3 Qd2 1-0

[Event "Early-Titled-Tuesday-Blitz-April-23-2024"]
[Site "Chess.com"]
[Date "2024.04.23"]
[Round "4"]
[White "RojonR"]
[Black "maciek_92"]
[Result "0-1"]
[WhiteElo "2561"]
[BlackElo "2835"]
[TimeControl "180+1"]
[EndTime "8:38:59 PDT"]
[Termination "maciek_92 won by resignation"]

1. e4 c5 2. Nf3 e6 3. d4 cxd4 4. Nxd4 Nc6 5. Nc3 a6 6. Nxc6 bxc6 7. Bd3 d5 8. O-O Nf6 9. Qe2 Ke7 10. b3 Ke8 11.
Bb2 Be7 12. Rad1 Qc7 13. Ra1 h5 14. Rad1 Kf8 15. h3 h4 16. Nb1 Nh5 17. c4 dxc4 18.
Bxc4 Rh6 19. Nd2 Nf4 20. Qe3 Rg6 21. Kh1 Nxg2 22. Qf3 Nf4 23. Rg1 Rxg1+ 24. Rxg1 e5 25. Rxg7 Kxg7 26. Qxf4 Bf6 27. Qh2 Bb7 28. Nf3 c5 29.
Bxe5 Bxe5 30. Nxe5 Bxe4+ 31. f3 Re8 32. Qg2+ Bg6 33. f4 Qd6 34. Bxf7 Rxe5 35. fxe5 Qd1+ 36. Kh2 Kxf7 37. e6+ Kf6 38. Qb7 Qd6+ 39. Kg1 Qd4+ 40. Kh2 Qf2+ 41. Kh1 Qe1+ 42. Kh2 Qg3+ 0-1

[Event "Early-Titled-Tuesday-Blitz-April-23-2024"]
[Site "Chess.com"]
[Date "2024.04.23"]
[Round "4"]
[White "Louis-Paulsen-Fan"]
[Black "Balla_Tamas"]
[Result "0-1"]
[WhiteElo "2340"]
[BlackElo "2545"]
[TimeControl "180+1"]
[EndTime "8:38:59 PDT"]
[Termination "Balla_Tamas won by checkmate"]

1. d4 d5 2. Nf3 Nf6 3. c4 e6 4. Nc3 c5 5. e3 Nc6 6. cxd5 exd5 7.
Bb5 Bd6 8. dxc5 Bxc5 9. O-O O-O 10. a3 Bg4 11. b4 Bb6 12. Be2 Rc8 13. Bb2 Re8 14. h3 Bh5 15. Na4 Bc7 16. Nc5 b6 17. Na6 Bd6 18. Rc1 Ne4 19. Nd4 Nxd4 20. Bxh5 Rxc1 21.
Qxc1 Ne2+ 22. Bxe2 Qd7 23. Bd3 Ng5 24. Qc3 Be5 25.
Qb3 d4 26. Bxd4 Bd6 27. Qc4 Nxh3+ 28. Kh1 Qg4 29. Be5 Nxf2+ 30. Rxf2 Qh5+ 31. Kg1 Bxe5 32.
Qc6 Rd8 33. Bc4 Rd1+ 34. Rf1 Bh2+ 35. Kf2 Rd2+ 36. Ke1 Qd1# 0-1

[Event "Early-Titled-Tuesday-Blitz-April-23-2024"]
[Site "Chess.com"]
[Date "2024.04.23"]
[Round "4"]
[White "KVAIDAN"]
[Black "Ati1517"]
[Result "0-1"]
[WhiteElo "2367"]
[BlackElo "2254"]
[TimeControl "180+1"]
[EndTime "8:38:59 PDT"]
[Termination "Ati1517 won by resignation"]

1. f4 Nf6 2. Nf3 d6 3. d3 g6 4. e4 Bg7 5. Be2 O-O 6. O-O Nc6 7. Nc3 e5 8. Qe1 Bg4 9. Qh4 Bxf3 10. Bxf3 Nd4 11. Bd1 Nd7 12. Qh3 a6 13. f5 b5 14. g4 b4 15. Nd5 a5 16. g5 c6 17.
f6 cxd5 18. fxg7 Kxg7 19. exd5 Rc8 20. Rf2 Nb6 21. Qg2 Rc5 22. Be3 Nxd5 23. Bxd4 exd4 24. h4 Qe7 25. Bg4 Ne3 26. Qg3 Qe5 27. Qxe5+ dxe5 28. Rc1 Nxg4 29. Re2 Ne3 30. c3 Rfc8 31. c4 e4 32. b3 exd3 33. Rd2 a4 34. Rxd3 Nf5 35.
Re1 axb3 36. axb3 Ra8 37. Re4 Ra1+ 38. Kf2 Rca5 39. h5 R5a2+ 40. Re2 Rxe2+ 41. Kxe2 gxh5 42. Rd2 Kg6 43. Kd3 Rh1 44. c5 Rh3+ 45. Kc4 Rc3+ 46. Kb5 Rxb3 47. c6 Rc3 48. Kb6 b3 49. Kb7 Nd6+ 50. Kb8 Rxc6 51. Rxd4 Rb6+ 52. Kc7 b2 53. Kxb6 b1=Q+ 54. Kc6 Qb5+ 55. Kxd6 Qb6+ 56. Ke5 Qc5+ 57. Ke4 Qf5+ 58. Ke3 Qxg5+ 59. Kf3 h4 60. Rg4 h6 61. Rg2 f5 62. Rf2 Qg4+ 63. Ke3 Qe4+ 64. Kd2 h3 65. Rh2 Qg2+ 66. Rxg2+ hxg2 0-1

[Event "Early-Titled-Tuesday-Blitz-April-23-2024"]
[Site "Chess.com"]
[Date "2024.04.23"]
[Round "4"]
[White "LikeWater"]
[Black "GambitGiesbergen"]
[Result "1-0"]
[WhiteElo "2664"]
[BlackElo "2331"]
[TimeControl "180+1"]
[EndTime "8:39:00 PDT"]
[Termination "LikeWater won by resignation"]

1. e4 c5 2. Nf3 f5 3. exf5 Nc6 4. d4 d5 5. Bb5 Bxf5 6. O-O e6 7.
Re1 Bd6 8. c4 Nf6 9. cxd5 Nxd5 10.
dxc5 Bxc5 11. Bxc6+ bxc6 12. Nd4 O-O 13. Nc3 Qh4 14. Be3 Nxe3 15. fxe3 Rad8 16. Qa4 Bd3 17. Nxe6 Qf2+ 18. Kh1 Bf1 19. Qg4 Rd7 20. Ne4 Bxg2+ 21. Qxg2 Rf5 22. Nxf2 1-0

[Event "Early-Titled-Tuesday-Blitz-April-23-2024"]
[Site "Chess.com"]
[Date "2024.04.23"]
[Round "4"]
[White "DanyKopy"]
[Black "CSB7"]
[Result "1/2-1/2"]
[WhiteElo "2550"]
[BlackElo "2812"]
[TimeControl "180+1"]
[EndTime "8:39:01 PDT"]
[Termination "Game drawn by agreement"]

1. Nf3 Nf6 2. c4 g6 3. Nc3 Bg7 4. g3 O-O 5. Bg2 c6 6. O-O d5 7. cxd5 cxd5 8. d4 Ne4 9. Ne5 Nxc3 10. bxc3 Nc6 11. Nxc6 bxc6 12. Qa4 Qb6 13. Ba3 Qa6 14.
Qxa6 Bxa6 15. Rfb1 Bxe2 16. Re1 Bc4 17. Rxe7 Rfe8 18.
Rc7 Rec8 19. Rxc8+ Rxc8 20. Bc5 Bf8 21. Bxa7 Ra8 22.
Bc5 Rxa2 23. Rxa2 Bxa2 24. Bh3 Bc4 25. Bxf8 Kxf8 26. f4 Ke7 27. Kf2 f6 28. Ke3 h6 29.
Bg2 Bb3 30. h4 g5 31. Bf1 Kd6 32. Be2 Bc2 1/2-1/2

[Event "Early-Titled-Tuesday-Blitz-April-23-2024"]
[Site "Chess.com"]
[Date "2024.04.23"]
[Round "4"]
[White "The_Sherman_Variation"]
[Black "alex1531"]
[Result "1-0"]
[WhiteElo "2731"]
[BlackElo "2512"]
[TimeControl "180+1"]
[EndTime "8:39:02 PDT"]
[Termination "The_Sherman_Variation won on time"]

1. d4 Nf6 2. c3 e6 3. Nf3 b6 4. Bf4 Bb7 5. Nbd2 d6 6. e3 Nbd7 7. Bg3 g6 8. Bd3 Bg7 9. O-O O-O 10. e4 Nh5 11. Re1 Nxg3 12. hxg3 e5 13. Nf1 Re8 14.
Qc2 Qe7 15. Ne3 exd4 16. cxd4 Nf6 17. e5 Nd5 18. Bc4 Nxe3 19. Rxe3 Rad8 20. Rae1 d5 21. Bb5 Rf8 22. Rc3 c5 23. dxc5 d4 24. Ra3 Bxf3 25. Rxf3 bxc5 26. Bc4 Rb8 27. b3 a5 28. a4 Kh8 29. Re2 Rfe8 30. Rxf7 Qg5 31. e6 Re7 32. Rxe7 Qxe7 33. Qe4 Rf8 34. Qc6 d3 35. Bxd3 Bd4 36. Bc4 Qg5 37. Qe4 Qc1+ 38. Kh2 Qh6+ 39. Qh4 Qxh4+ 40. gxh4 Re8 41. f3 Kg7 42. g4 h6 43.
g5 hxg5 44. hxg5 1-0

[Event "Early-Titled-Tuesday-Blitz-April-23-2024"]
[Site "Chess.com"]
[Date "2024.04.23"]
[Round "4"]
[White "LawrenceTrent"]
[Black "cthulhuuu"]
[Result "1-0"]
[WhiteElo "2711"]
[BlackElo "2487"]
[TimeControl "180+1"]
[EndTime "8:39:02 PDT"]
[Termination "LawrenceTrent won by resignation"]

1. Nc3 Nf6 2. d4 g6 3. e4 d6 4. Bg5 Bg7 5. e5 dxe5 6. dxe5 Qxd1+ 7. Rxd1 Nfd7 8. Nd5 Bxe5 9. Nf3 Bd6 10. Bxe7 Bxe7 11. Nxc7+ Kd8 12. Nxa8 b6 13. Ne5 Bb4+ 14. c3 Re8 15. f4 f6 16. cxb4 fxe5 17. f5 gxf5 18.
Bc4 Bb7 19. Bd5 Bxd5 20. Rxd5 Kc8 21. O-O Kb7 22. Rxf5 Re7 23. Nxb6 axb6 24. b5 e4 25. Kf2 Nc5 26. Ke3 Nbd7 27. Rf4 Nd3 28. Rxe4 Rxe4+ 29. Kxe4 Nf6+ 30. Kxd3 Nxd5 31. Ke4 Nc7 32. a4 Ne6 33. b4 Kc7 34. Ke5 Kd7 35. a5 bxa5 36.
bxa5 Nd8 37. a6 Kc7 38. Kf6 Kb6 39. Ke7 Nb7 40. axb7 1-0

[Event "Early-Titled-Tuesday-Blitz-April-23-2024"]
[Site "Chess.com"]
[Date "2024.04.23"]
[Round "4"]
[White "KogotBobra17"]
[Black "subham777"]
[Result "1-0"]
[WhiteElo "2755"]
[BlackElo "2547"]
[TimeControl "180+1"]
[EndTime "8:39:03 PDT"]
[Termination "KogotBobra17 won by resignation"]

1. e4 e6 2. d4 d5 3. e5 c5 4. c3 Nc6 5. Nf3 Qb6 6. Na3 cxd4 7. cxd4 Bb4+ 8. Bd2 Nge7 9. Nc2 Bxd2+ 10. Qxd2 Qxb2 11. Bd3 h6 12. O-O Qb6 13. Qf4 O-O 14. Ne3 Ng6 15. Qg3 Nce7 16. h4 Nf5 17. Bxf5 exf5 18.
Nxd5 Qd8 19. Nf6+ gxf6 20. h5 f4 21. Qh2 Kg7 22. hxg6 fxg6 23. Qxf4 fxe5 24. Qxe5+ Qf6 25. Qe3 Bf5 26. Ne5 Rae8 27. Rac1 Re7 28. Qg3 h5 29. Rc3 h4 30. Qf4 g5 31. Qd2 Be4 32. Re3 Bd5 33.
Ng4 Qf7 34. Rxe7 Qxe7 35. Re1 Qd8 36. Re5 Bf7 37. Rxg5+ Bg6 38. Ne5 Rf6 39. Qd3 Qe8 40. Qe4 Kh6 41. Ng4+ Kh7 42. Nxf6+ 1-0

[Event "Early-Titled-Tuesday-Blitz-April-23-2024"]
[Site "Chess.com"]
[Date "2024.04.23"]
[Round "4"]
[White "gabduschew"]
[Black "IM_ArthurDW08"]
[Result "0-1"]
[WhiteElo "2439"]
[BlackElo "2726"]
[TimeControl "180+1"]
[EndTime "8:39:03 PDT"]
[Termination "IM_ArthurDW08 won by checkmate"]

1. b3 e5 2. Bb2 Nc6 3. e3 a6 4. c4 g6 5. a3 Bg7 6. Qc2 Nge7 7. Nf3 O-O 8. d3 d6 9. Be2 f5 10. O-O h6 11. Nc3 g5 12. Nd5 Be6 13. e4 f4 14.
Rfd1 Ng6 15. b4 g4 16. Ne1 Qh4 17. Bf1 Rf7 18. g3 Qh5 19. Ng2 Raf8 20. Rd2 Nd8 21. c5 c6 22. Nb6 dxc5 23. Qxc5 fxg3 24. hxg3 Rf3 25. Nc4 Nf7 26. Ne1 Ng5 27. Bg2 Nh3+ 28. Bxh3 Qxh3 29. Nxe5 Rxg3+ 30. fxg3 Rf1# 0-1

[Event "Early-Titled-Tuesday-Blitz-April-23-2024"]
[Site "Chess.com"]
[Date "2024.04.23"]
[Round "4"]
[White "masnyszachistaaa"]
[Black "soloderisas"]
[Result "1-0"]
[WhiteElo "2585"]
[BlackElo "2753"]
[TimeControl "180+1"]
[EndTime "8:39:04 PDT"]
[Termination "masnyszachistaaa won by resignation"]

1. c4 e5 2. Nc3 Nc6 3. g3 g6 4.
Bg2 Bg7 5. d3 d6 6. e4 Be6 7.
Nge2 Nge7 8. O-O Qd7 9. Nd5 O-O 10. Be3 Nd4 11. Bxd4 exd4 12. f4 Nxd5 13. cxd5 Bh3 14. Rc1 Bxg2 15. Kxg2 c5 16. dxc6 bxc6 17. Qa4 Qb7 18. b3 c5 19. Ng1 f5 20. Qc4+ Kh8 21.
Rce1 fxe4 22. dxe4 Rae8 23. Qd3 Re7 24. Re2 Rfe8 25. Rfe1 g5 26. fxg5 d5 27. exd5 Qxd5+ 28. Nf3 Rxe2+ 29. Rxe2 Rf8 30. h4 h6 31. gxh6 Bxh6 32.
Qe4 Qxe4 33. Rxe4 d3 34. Re6 Rd8 35. Rxh6+ Kg7 36. Ra6 d2 37. Nxd2 Rxd2+ 38. Kh3 1-0

[Event "Early-Titled-Tuesday-Blitz-April-23-2024"]
[Site "Chess.com"]
[Date "2024.04.23"]
[Round "4"]
[White "Witik"]
[Black "jaskol95"]
[Result "1-0"]
[WhiteElo "2764"]
[BlackElo "2560"]
[TimeControl "180+1"]
[EndTime "8:39:04 PDT"]
[Termination "Witik won by checkmate"]

1. d4 e6 2. Nf3 Nf6 3. c4 d5 4. g3 dxc4 5. Bg2 Bb4+ 6. Bd2 Be7 7. Qc2 O-O 8. Qxc4 Bd7 9. Ne5 Bc6 10. Nxc6 Nxc6 11. e3 Qd7 12. O-O Rfd8 13. Rc1 Nd5 14.
Nc3 Nb6 15. Qe2 a6 16. Be1 Rab8 17. Ne4 Nd5 18. a3 Bd6 19. Rc2 Nce7 20. Rac1 c6 21. Nxd6 Qxd6 22. e4 Nb6 23. Ba5 Nec8 24. Qe3 Re8 25. h4 Nd7 26. Qd2 Qe7 27. d5 exd5 28. exd5 cxd5 29. Rc7 b6 30. Bb4 Qe6 31. Bxd5 Qh3 32.
Bg2 Qf5 33. Qxd7 Qg6 34. Rxc8 Rbxc8 35. Rxc8 Qb1+ 36. Kh2 Qe1 37. Qxe8+ Qxe8 38. Rxe8# 1-0

[Event "Early-Titled-Tuesday-Blitz-April-23-2024"]
[Site "Chess.com"]
[Date "2024.04.23"]
[Round "4"]
[White "h4parah5"]
[Black "Kiborg95"]
[Result "1-0"]
[WhiteElo "3040"]
[BlackElo "2843"]
[TimeControl "180+1"]
[EndTime "8:39:06 PDT"]
[Termination "h4parah5 won by resignation"]

1. d4 d6 2. Nf3 Nf6 3. c4 Nbd7 4. Nc3 e5 5. Bg5 h6 6. Bh4 g5 7. Bg3 Nh5 8. e3 Bg7 9. Qc2 O-O 10. O-O-O exd4 11. Nxd4 Nc5 12. Bd3 Nxd3+ 13. Qxd3 f5 14. f3 Nxg3 15.
hxg3 c6 16. Kb1 Qf6 17. e4 fxe4 18. Nxe4 Qe5 19. Qc2 d5 20. cxd5 cxd5 21. Nc3 Qxg3 22. Nxd5 Rf7 23. Qe4 Bd7 24. Ne7+ Kf8 25. Ndf5 Bxf5 26.
Nxf5 Re8 27. Nxg3 1-0

[Event "Early-Titled-Tuesday-Blitz-April-23-2024"]
[Site "Chess.com"]
[Date "2024.04.23"]
[Round "4"]
[White "Attacker88"]
[Black "Meri-Arabidze"]
[Result "0-1"]
[WhiteElo "2381"]
[BlackElo "2666"]
[TimeControl "180+1"]
[EndTime "8:39:07 PDT"]
[Termination "Meri-Arabidze won on time"]

1. e4 c5 2. Nf3 e6 3. d4 cxd4 4. Nxd4 Nc6 5. Nc3 a6 6. Be2 Qc7 7. O-O Nf6 8. Be3 Be7 9. f4 d6 10. Kh1 O-O 11. a4 Bd7 12. Nb3 Na5 13. e5 Ne8 14. Nxa5 Qxa5 15. Ne4 Qc7 16. Bd4 Bc6 17. Bd3 Bxe4 18. Bxe4 d5 19. Bd3 g6 20. g4 Bc5 21.
Bc3 Ng7 22. Qe2 Rac8 23. f5 exf5 24. gxf5 d4 25. Bd2 Rfe8 26. Rae1 Qc6+ 27. Be4 Qc7 28. e6 gxf5 29. Bxf5 Nxf5 30. Qg4+ Kh8 31. Qxf5 Qc6+ 0-1

[Event "Early-Titled-Tuesday-Blitz-April-23-2024"]
[Site "Chess.com"]
[Date "2024.04.23"]
[Round "4"]
[White "RianKapriaga"]
[Black "Ramla2020"]
[Result "0-1"]
[WhiteElo "2295"]
[BlackElo "2516"]
[TimeControl "180+1"]
[EndTime "8:39:07 PDT"]
[Termination "Ramla2020 won by resignation"]

1. d4 Nf6 2. f3 d5 3. e3 c5 4. c3 cxd4 5. exd4 Nc6 6. Bd3 e5 7. dxe5 Nxe5 8. Ne2 Bc5 9. Bf4 Nxd3+ 10. Qxd3 Qb6 11.
Nd2 Bd7 12. O-O-O Bb5 13. Qc2 O-O 14. Nb3 Be3+ 15. Bxe3 Qxe3+ 16. Rd2 Bxe2 17. Re1 Rfe8 18. Kb1 Bd3 19. Rxe3 Bxc2+ 20. Kxc2 Rxe3 21. Nd4 Rae8 22. a4 a6 23. a5 g6 24. h3 Nh5 25. Kb3 Nf4 26.
Kb4 Nd3+ 27. Kb3 Nc5+ 28. Kb4 Ne6 29. Nc2 Re5 30. g3 Rf5 31. f4 d4 32. cxd4 Rb5+ 33. Ka4 Rd8 34. b4 Rbd5 35. Re2 Nxd4 36. Nxd4 Rxd4 37. Re7 R8d7 38. Re8+ Kg7 39. h4 h5 0-1

[Event "Early-Titled-Tuesday-Blitz-April-23-2024"]
[Site "Chess.com"]
[Date "2024.04.23"]
[Round "4"]
[White "lucasran"]
[Black "Alexander_Donchenko"]
[Result "0-1"]
[WhiteElo "2613"]
[BlackElo "2884"]
[TimeControl "180+1"]
[EndTime "8:39:09 PDT"]
[Termination "Alexander_Donchenko won by resignation"]

1. Nf3 g6 2. d4 Bg7 3. c4 d6 4.
Nc3 Nf6 5. g3 Bf5 6. Bg2 Ne4 7.
Nxe4 Bxe4 8. O-O O-O 9. Be3 Nc6 10. Qd2 e5 11. dxe5 dxe5 12. Rfd1 Qe7 13. Qd7 Rfe8 14.
Qxe7 Rxe7 15. Rd2 h6 16. Rad1 Bf8 17. Bc5 Ree8 18. Bxf8 Kxf8 19. e3 a5 20. Rd7 Re7 21. Ne1 Bxg2 22. Kxg2 Ke8 23. Rxe7+ Kxe7 24. Nc2 Nb4 25.
Rc1 Rd8 26. Nxb4 axb4 27. Rc2 Rd1 28. b3 e4 29. f3 exf3+ 30. Kxf3 Ke6 31. Ke4 f5+ 32.
Kf3 Ke5 33. h3 c5 34. g4 fxg4+ 35. hxg4 Rf1+ 36. Kg2 Rf6 37. Kg3 Ke4 38. Rh2 g5 39. Re2 Kd3 40. Rf2 Re6 41. Rf5 Rxe3+ 42. Kf2 Re2+ 43.
Kf3 Rxa2 44. Rxc5 Kc3 45. Rb5 Kxb3 46. c5 Kc4 47. Rxb7 Kxc5 48. Ke4 Rd2 49. Kf5 Rd6 50. Rc7+ Rc6 51. Rd7 b3 52. Rd1 b2 53. Rb1 Rb6 54.
Rxb2 Rxb2 55. Kg6 Rh2 0-1

[Event "Early-Titled-Tuesday-Blitz-April-23-2024"]
[Site "Chess.com"]
[Date "2024.04.23"]
[Round "4"]
[White "Doublekk14"]
[Black "hongnhung1234"]
[Result "0-1"]
[WhiteElo "2365"]
[BlackElo "2555"]
[TimeControl "180+1"]
[EndTime "8:39:09 PDT"]
[Termination "hongnhung1234 won on time"]

1. c4 c5 2. Nc3 Nc6 3. e3 Nf6 4.
Nf3 g6 5. d4 cxd4 6. exd4 d5 7.
Be2 Bg7 8. h3 O-O 9. O-O b6 10.
a3 Bb7 11. Be3 Rc8 12. Ne5 Nxe5 13. dxe5 Nd7 14. Nxd5 Nxe5 15. Rc1 e6 16. Nf4 Qc7 17. c5 Rfd8 18. Qa4 bxc5 19. Qxa7 c4 20. Bb6 Qc6 21.
Bxd8 Rxd8 22. Rfd1 Ra8 23. Qe3 g5 24. Bf1 gxf4 25.
Qxf4 Qc7 26. Qg3 Qb6 27. Bxc4 Qxb2 28. Rb1 Qc2 29. Rxb7 Qxd1+ 30. Kh2 Nxc4 31. Rb4 Nd2 32. Qg4 Nf1+ 33. Kg1 Ne3+ 34. Qxd1 Nxd1 0-1

[Event "Early-Titled-Tuesday-Blitz-April-23-2024"]
[Site "Chess.com"]
[Date "2024.04.23"]
[Round "4"]
[White "DuleMudule"]
[Black "jeetjain"]
[Result "1-0"]
[WhiteElo "2829"]
[BlackElo "2603"]
[TimeControl "180+1"]
[EndTime "8:39:12 PDT"]
[Termination "DuleMudule won by resignation"]

1. d4 Nf6 2. Bg5 d5 3. e3 c5 4. Nd2 e6 5. c3 Nc6 6. f4 h6 7. Bh4 Be7 8. Bxf6 Bxf6 9. Bd3 b6 10. Ngf3 a5 11. Qe2 c4 12. Bc2 Bb7 13. h4 h5 14.
Ng5 Bxg5 15. hxg5 g6 16. g4 h4 17. Qf2 h3 18. Qg3 b5 19. Rxh3 Rxh3 20. Qxh3 Qe7 21. Ke2 b4 22. Ba4 bxc3 23. bxc3 Qa3 24. Rb1 O-O-O 25. Bxc6 Bxc6 26. Qh7 Qxc3 27. Qxf7 Qd3+ 28. Kf3 Qxd2 29. Qa7 Qb4 30. Rxb4 axb4 31. Qc5 Kd7 32. Qxb4 Ra8 33. a3 Ra4 34. Qc5 Ra8 35. f5 exf5 36.
gxf5 gxf5 37. Kf4 Re8 38. g6 Re4+ 39. Kxf5 Rxe3 40. g7 Rg3 41. Qf8 1-0

[Event "Early-Titled-Tuesday-Blitz-April-23-2024"]
[Site "Chess.com"]
[Date "2024.04.23"]
[Round "4"]
[White "Evan_Attaker"]
[Black "FLYD"]
[Result "0-1"]
[WhiteElo "2581"]
[BlackElo "2027"]
[TimeControl "180+1"]
[EndTime "8:39:12 PDT"]
[Termination "FLYD won by resignation"]

1. Nf3 Nf6 2. c4 e6 3. g3 d5 4. Bg2 Be7 5. O-O O-O 6. d4 dxc4 7. Na3 Bxa3 8. bxa3 Nbd7 9. a4 a5 10. Ba3 Re8 11. Qc2 Nb6 12. Bc5 Nfd5 13. e4 Nb4 14.
Qe2 Nxa4 15. Qxc4 Nxc5 16. dxc5 Qd3 17. Qxd3 Nxd3 18. c6 bxc6 19. Rfd1 Ba6 20. Bf1 Red8 21. Rab1 c5 22. Bxd3 Bxd3 23. Rbc1 Bxe4 24. Nd2 Bc6 25. Nc4 Rxd1+ 26. Rxd1 Bd5 27. Ne3 c6 28. Rc1 Bxa2 29. Rxc5 Bd5 30. Rc3 f6 31. f4 Kf7 32.
Kf2 a4 33. Nc2 Ke7 34. Ke3 Kd6 35. g4 Rb8 36. Na1 Rb1 37. Ra3 Bb3 38. h4 Kc5 39.
Nxb3+ Rxb3+ 40. Rxb3 axb3 41. Kd3 Kd5 42. g5 fxg5 43.
fxg5 c5 44. h5 c4+ 45. Kc3 Ke5 46. g6 h6 47. Kxc4 b2 48. Kb3 b1=Q+ 49. Ka3 Kd5 0-1

[Event "Early-Titled-Tuesday-Blitz-April-23-2024"]
[Site "Chess.com"]
[Date "2024.04.23"]
[Round "4"]
[White "Kushch_Nikolai"]
[Black "sathvikadiga"]
[Result "0-1"]
[WhiteElo "2415"]
[BlackElo "2618"]
[TimeControl "180+1"]
[EndTime "8:39:12 PDT"]
[Termination "sathvikadiga won by resignation"]

1. Nf3 Nf6 2. c4 g6 3. b4 Bg7 4. Bb2 O-O 5. d4 d6 6. e3 a5 7. b5 c6 8. bxc6 Nxc6 9. Be2 Ne4 10. O-O Bf5 11. Nbd2 a4 12. Rb1 Nxd2 13. Qxd2 Bxb1 14.
Rxb1 Qa5 15. Bc3 Qa7 16. h3 Rfb8 17. Bd3 e5 18. d5 Na5 19. Bb4 Bf8 20. e4 b6 21. Ne1 Nb7 22. Nc2 Nc5 23. Bxc5 bxc5 24. Na3 Rxb1+ 25. Bxb1 Qa5 26. Qc1 Qb4 27. Nb5 a3 28.
Bd3 Qb2 29. Qc2 Be7 30. Kf1 Qb4 31. Ke2 Rf8 32. Qc1 f5 33. exf5 gxf5 34. f3 e4 35.
fxe4 fxe4 36. Bxe4 Bh4 37. Nxd6 Rf2+ 38. Ke3 Bg5+ 39. Kxf2 Bxc1 0-1